 Dungeon Crawl Stone Soup version 0.17-a0-1951-g62301d3 (webtiles) character file.

273 4thArraOfDagon the Ruffian (level 6, -4/53 HPs)
             Began as a Troll Air Elementalist on Oct 2, 2015.
             Slain by a hippogriff (7 damage)
             ... on level 7 of the Dungeon.
             The game lasted 00:02:56 (551 turns).

4thArraOfDagon the Ruffian (Troll Air Elementalist)  Turns: 551, Time: 00:02:56

Health: -4/53      AC:  5    Str: 17      XL:     6   Next: 2%
Magic:  6/6        EV:  9    Int: 10 (13) God:
Gold:   38         SH:  0    Dex: 10      Spells: 1 memorised, 5 levels left

rFire  + . .     SeeInvis .       - Unarmed
rCold  . . .     Clarity  .     a - +0 robe
rNeg   . . .     SustAt   .     (no shield)
rPois  .         Gourm    +     (helmet restricted)
rElec  .         Spirit   .     (no cloak)
rCorr  .         Warding  .     (gloves unavailable)
rMut   .         Stasis   .     (boots unavailable)
MR     .....                    (no amulet)
Stlth  +.........               (no ring)
                                b - ring of protection from fire

@: flying, repel missiles, not resistant to hostile enchantments, very
unstealthy
A: unfitting armour, claws 3, fast metabolism 3, gourmand, regeneration 2,
shaggy fur 1, tough skin 2
a: no special abilities


You were on level 7 of the Dungeon.
You were not hungry.

You visited 1 branch of the dungeon, and saw 7 of its levels.

You collected 38 gold pieces.

Inventory:

Armour
 a - a +0 robe (worn)
Jewellery
 b - a ring of protection from fire (left claw)
Magical devices
 g - a wand of frost (21)
Scrolls
 d - 2 scrolls of identify {unknown}
 f - a scroll of fear {unknown}
 h - a scroll of blinking {unknown}
Potions
 e - a potion of resistance
 i - a potion of lignification {unknown}
Comestibles
 c - 3 bread rations


   Skills:
 - Level 1.5 Dodging
 - Level 1.1 Stealth
 * Level 5.9 Unarmed Combat
 - Level 1.2 Spellcasting
   Level 0.6 Conjurations
 - Level 2.0 Air Magic


You had 5 spell levels left.
You knew the following spells:

 Your Spells              Type           Power        Failure   Level  Hunger
b - Repel Missiles        Chrm/Air       #.....       38%         2    ###....


Dungeon Overview and Level Annotations

Branches:
Dungeon (8/15)
 Temple: D:4-7         Lair: D:8-11

Altars:
Gozag
Makhleb
Okawaru
Qazlal
Trog
The Shining One

Annotations:
D:7 Joseph
D:8 Vidiiot's ghost, experienced GrGl


Innate Abilities, Weirdness & Mutations

You are too large for most types of armour.
You have claws for hands.
Your metabolism is lightning-fast.
You like to eat raw meat.
You heal very quickly.
You are covered in fur (AC +1).
You have very tough skin (AC +2).


Message History

The hippogriff is lightly wounded.
The hippogriff bites you but does no damage.
The hippogriff pecks you.
The hippogriff claws you but does no damage.
You barely miss the hippogriff.
The hippogriff is lightly wounded.
The hippogriff barely misses you. The hippogriff pecks you.
The hippogriff claws you.
You barely miss the hippogriff.
The hippogriff is lightly wounded.
The hippogriff misses you. The hippogriff pecks you.
* * * LOW HITPOINT WARNING * * *
The hippogriff claws you.
* * * LOW HITPOINT WARNING * * *
You claw the hippogriff!
The hippogriff is moderately wounded.
The hippogriff bites you.
* * * LOW HITPOINT WARNING * * *
The hippogriff pecks you!
You die...

.................#
.................
.................
...........>..#
.............[#
.........[....###
...........Z..†Z#
#####.######.##H##
###.### #.##.@#
#..S..#
#.###........
#.....####.#
##....###
#..>....##.# .####
#....Z...§.# ##
#.......§§§.#
#......§§§§.
#......§§§.@
##$........


You could see a hippogriff and a worker ant zombie.

Vanquished Creatures
  The ghost of glosham the Skirmisher, an average DgSk (D:3)
  An ogre (D:4)
  A worker ant (D:4)
  Natasha (D:2)
  2 adders
  An ooze (D:4)
  A worm (D:2)
  6 orcs
  A bat (D:3)
  A giant cockroach (D:1)
  A hobgoblin (D:2)
  2 kobolds
  A quokka (D:4)
  3 giant newts (D:2)
  2 goblins (D:2)
  6 jackals
  A rat (D:3)
32 creatures vanquished.

Notes
Turn   | Place    | Note
--------------------------------------------------------------
     0 | D:1      | 4thArraOfDagon the Troll Air Elementalist began the quest for the Orb.
     0 | D:1      | Reached XP level 1. HP: 16/16 MP: 1/1
   101 | D:2      | Reached skill level 1 in Unarmed Combat
   146 | D:2      | Reached XP level 2. HP: 15/24 MP: 2/2
   189 | D:2      | Found a bloodstained altar of Trog.
   191 | D:2      | Found a burning altar of Makhleb.
   193 | D:2      | Found a stormy altar of Qazlal.
   193 | D:2      | Found an opulent altar of Gozag.
   194 | D:2      | Found an iron altar of Okawaru.
   197 | D:2      | Found a glowing golden altar of the Shining One.
   227 | D:2      | Learned a level 2 spell: Repel Missiles
   282 | D:2      | Noticed Natasha
   286 | D:2      | Killed Natasha
   286 | D:2      | Reached skill level 3 in Unarmed Combat
   286 | D:2      | Reached XP level 3. HP: 31/31 MP: 3/3
   323 | D:3      | Noticed glosham's ghost (average DgSk)
   355 | D:3      | Killed glosham's ghost
   355 | D:3      | Reached skill level 4 in Unarmed Combat
   355 | D:3      | Reached XP level 4. HP: 15/39 MP: 4/4
   376 | D:4      | Noticed an ogre
   401 | D:4      | Reached XP level 5. HP: 30/45 MP: 5/5
   404 | D:4      | Killed an ogre
   404 | D:4      | Reached skill level 5 in Unarmed Combat
   498 | D:5      | Entered Level 5 of the Dungeon
   516 | D:5      | Noticed a slave
   517 | D:5      | Noticed a slave
   517 | D:5      | Noticed a slave
   524 | D:5      | You fall through a shaft for 3 floors!
   524 | D:8      | Noticed Vidiiot's ghost (experienced GrGl)
   529 | D:7      | Noticed Joseph
   533 | D:7      | Noticed a hippogriff
   544 | D:7      | Reached XP level 6. HP: 24/53 MP: 6/6
   551 | D:7      | Slain by a hippogriff

Vault maps used:
D:1:      elethiomel_arrival_quiet, minmay_bisected
D:2:      minitemple, tgw_trog, uniq_natasha, uniq_terence, uniq_sigmund,
          uniq_iyjb
D:3:      uniq_robin
D:4:      xom_redecorated, first_bread
D:5:      minmay_temple_entry_poolview, uniq_grinder, uniq_pikel
D:7:      serial_undead, serial_undead_b, serial_undead_a, serial_undead_c,
          serial_undead_b, uniq_joseph
D:8:      special_room

Action                   |  1- 3 |  4- 6 || total
-------------------------+-------+-------++-------
Melee: Unarmed           |    65 |    45 ||   110
 Cast: Repel Missiles    |     1 |       ||     1
  Use: Potion            |       |     5 ||     5
 Stab: Sleeping          |       |     1 ||     1
  Eat: Chunk             |     6 |       ||     6
